 Dungeon Crawl Stone Soup version 0.29.1-2-gbd0b4ee654 (webtiles) character file.

Game seed: 12977776052296654264

539 KittyFluff the Cudgeller (level 7, 0/81 HPs)
             Began as a Demonspawn Berserker on Nov 30, 2022.
             Was a Priest of Trog.
             Succumbed to a scorpion's poison
             ... on level 4 of the Dungeon.
             The game lasted 00:16:40 (4456 turns).

KittyFluff the Cudgeller (Demonspawn Berserker)     Turns: 4456, Time: 00:16:40

Health: 0/81       AC:  9    Str: 20    XL:     7   Next: 5%
Magic:  7/7        EV: 12    Int:  8    God:    Trog [***...]
Gold:   177        SH:  0    Dex: 12    Spells: 6/6 levels left

rFire   . . .      SeeInvis .   j - +2 whip (vamp)
rCold   . . .      Faith    .   (no shield)
rNeg    . . .      Spirit   .   b - +0 animal skin
rPois   .          Reflect  .   (no helmet)
rElec   .          Harm     .   r - +0 cloak
rCorr   .          Rampage  .   e - +2 pair of gloves {Stlth+}
Will    .....                   (no boots)
Stlth   ..........              (no amulet)
HPRegen 0.23/turn               (no ring)
MPRegen 0.10/turn               (no ring)

@: berserking, lethally poisoned (0 -> -8), very quick
A: claws 1, molten scales 2, powered by pain 2
a: Renounce Religion, Berserk, Trog's Hand


You were on level 4 of the Dungeon.
You worshipped Trog.
Trog was most pleased with you.
You visited 1 branch of the dungeon, and saw 4 of its levels.
You also visited: Sewer.

You collected 177 gold pieces.

Inventory:

Hand Weapons
 a - a +0 mace
 f - a +1 whip of venom
 j - a +2 vampiric whip (weapon)
 p - a +2 quarterstaff of chaos
Missiles
 k - 48 stones (quivered)
 m - 17 poisoned darts
 u - 2 boomerangs
Armour
 b - a +0 animal skin (worn)
 e - a +2 pair of gloves of stealth (worn)
 i - a +0 leather armour
 r - a +0 cloak (worn)
Wands
 B - a wand of flame (7)
Scrolls
 c - 2 scrolls of blinking {unknown}
 d - 3 scrolls of teleportation {unknown}
 h - a scroll of noise {unknown}
 v - 3 scrolls of fear {unknown}
 x - a scroll of poison {unknown}
 C - a scroll of brand weapon {unknown}
Potions
 g - 3 potions of curing
 l - a potion of flight
 n - a potion of lignification
 o - 2 potions of might
 q - 2 potions of haste
 s - 2 potions of ambrosia {unknown}
 t - 2 potions of resistance {unknown}
 z - 3 potions of mutation {unknown}
 A - 2 potions of heal wounds {unknown}


   Skills:
 + Level 4.1 Fighting
 + Level 4.4 Maces & Flails
 * Level 2.4 Throwing
 * Level 3.2 Armour
 + Level 3.2 Dodging
 + Level 1.6 Stealth


You had 6 spell levels left.
You didn't know any spells.
Your spell library was empty.

Dungeon Overview and Level Annotations

Branches:
Dungeon (4/15)              Sewer (visited)
 Temple: D:4-7

Altars:
Okawaru
Ru


Innate Abilities, Weirdness & Mutations

You have sharp fingernails.
You are mostly covered in molten scales. (AC +3)
You sometimes gain power by taking damage.


Message History

You hit the scorpion.
You feel better.
The scorpion is heavily wounded.
The scorpion stings you.
You are poisoned.
The scorpion poisons you!
You whack the scorpion!
The scorpion is almost dead.
You feel very sick. The scorpion stings you.
* * * LOW HITPOINT WARNING * * *
You are lethally poisoned!
The scorpion poisons you!
You hit the scorpion but do no damage.
The scorpion is almost dead.
* * * LOW HITPOINT WARNING * * *
You feel very sick.
The scorpion stings you but does no damage.
You hit the scorpion but do no damage.
The scorpion is almost dead.
* * * LOW HITPOINT WARNING * * *
You feel very sick. The scorpion stings you.
* * * LOW HITPOINT WARNING * * *
A red film seems to cover your vision as you go berserk!
You feel yourself moving faster!
You feel mighty!
* * * LOW HITPOINT WARNING * * *
You feel very sick. The scorpion barely misses you.
You hit the scorpion.
You feel better.
You kill the scorpion!
Trog accepts your kill.
* * * LOW HITPOINT WARNING * * *
You feel sick.
You have reached level 7!
Your demonic ancestry asserts itself...
Molten scales spread over more of your body.
There is a lethal amount of poison in your body!
There is a lethal amount of poison in your body!
You are too berserk!
You die...

######### #........ #.#
#############@#
#...........#†#
#.#########.#.#######
#.# #......S.s. #.#
###.####### #.# #.# #.#
#.#
#.###########.#######
######..................


There were no monsters in sight!

Vanquished Creatures
  A kobold brigand (Sewer)
  2 scorpions (D:4)
  Crazy Yiuf (D:4)
  Terence (D:3)
  An orc wizard (D:3)
  13 adders
  5 river rats (Sewer)
  2 worms (Sewer)
  3 dart slugs
  3 orcs
  7 endoplasms
  3 giant cockroaches
  6 goblins
  6 hobgoblins
  8 jackals
  18 kobolds
  3 quokkas
  7 ball pythons
  7 bats
  3 frilled lizards
  5 rats
105 creatures vanquished.

Notes
Turn   | Place    | Note
-------+----------+-------------------------------------------
     0 | D:1      | KittyFluff the Demonspawn Berserker began the quest for the
                  | Orb.
     0 | D:1      | Reached XP level 1. HP: 18/18 MP: 1/1
   674 | D:1      | Gained mutation: You are partially covered in molten
                  | scales. (AC +2) [demonic ancestry]
   674 | D:1      | Reached XP level 2. HP: 23/24 MP: 2/2
   997 | D:1      | Gained mutation: You have sharp fingernails. [demonic
                  | ancestry]
   997 | D:1      | Reached XP level 3. HP: 19/29 MP: 3/3
  1303 | D:2      | Reached ** piety under Trog
  1975 | D:2      | Gained mutation: You sometimes gain a little power by
                  | taking damage. [demonic ancestry]
  1975 | D:2      | Reached XP level 4. HP: 33/35 MP: 4/4
  2045 | D:2      | Reached skill level 1 in Throwing
  2133 | D:2      | Found a faded altar of an unknown god.
  2514 | D:3      | Reached XP level 5. HP: 41/41 MP: 5/5
  2652 | D:3      | Reached skill level 1 in Stealth
  2774 | D:3      | Found a sacrificial altar of Ru.
  3097 | D:3      | Noticed Terence
  3127 | D:3      | Killed Terence
  3555 | D:4      | Gained mutation: You sometimes gain power by taking damage.
                  | [demonic ancestry]
  3555 | D:4      | Reached XP level 6. HP: 48/48 MP: 6/6
  3569 | D:4      | Found an iron altar of Okawaru.
  3600 | D:4      | Reached *** piety under Trog
  3668 | D:4      | Found a glowing drain.
  3680 | Sewer    | Entered a sewer
  4327 | D:4      | Found a runed translucent door.
  4328 | D:4      | Noticed Crazy Yiuf
  4344 | D:4      | Killed Crazy Yiuf
  4453 | D:4      | HP: 2/48 [scorpion (4)]
  4456 | D:4      | Gained mutation: You are mostly covered in molten scales.
                  | (AC +3) [demonic ancestry]
  4456 | D:4      | Reached XP level 7. HP: 1/54 MP: 7/7
  4456 | D:4      | Succumbed to a scorpion's poison

Illustrated notes

Levels and vault maps discovered:
D:1:      dpeg_arrival_shrine, layout_basic
D:2:      layout_basic, dilly_ecumenical_altar_fadedgnrine
D:3:      layout_loops_corners, mainiacjoe_overflow_catwalk, uniq_terence
D:4:      layout_loops_ring, tso_oasis_becter, overflow_temple_1_default,
          portal_sewer_entry_d, st_stairs_5, uniq_robin, uniq_crazy_yiuf_cottage

Skill      XL: |  1  2  3  4  5  6 |
---------------+-------------------+-----
Maces & Flails | 3 4 |  4.4
Dodging        | 2 3 |  3.2
Armour         | 2 3 |  3.2
Throwing       | 1 2 |  2.4
Stealth        | 1 |  1.6
Fighting       | 4 |  4.1

Action                   |  1- 3 |  4- 6 |  7- 9 || total
-------------------------+-------+-------+-------++-------
Melee: Mace              |    16 |       |       ||    16
       Whip              |   100 |   362 |       ||   462
       Punch             |       |     1 |       ||     1
Throw: Stone             |     7 |    15 |       ||    22
Invok: Berserk           |       |     3 |       ||     3
  Use: Scroll            |       |     6 |       ||     6
 Stab: Sleeping          |     1 |     4 |       ||     5
Armor: Animal skin       |    37 |    98 |       ||   135
Dodge: Dodged            |    56 |   187 |       ||   243
